 Dungeon Crawl Stone Soup version 0.19-a0-981-gaae9137 (webtiles) character file.

537 ololoev the Ruffian (level 7, -8/52 HPs)
             Began as a Centaur Transmuter on July 14, 2016.
             Was an Initiate of Fedhas.
             Mangled by an orc warrior
             ... wielding a +0 flail
              (20 damage)
             ... on level 4 of the Dungeon.
             The game lasted 00:10:38 (5135 turns).

ololoev the Ruffian (Centaur Transmuter)            Turns: 5135, Time: 00:10:39

Health: -8/52      AC:  4    Str: 15    XL:     7   Next: 5%
Magic:  2/11       EV: 10    Int: 12    God:    Fedhas [......]
Gold:   141        SH:  0    Dex:  9    Spells: 2 memorised, 8 levels left

rFire  . . .     SeeInvis .     l - +2 dagger (speed)
rCold  . . .     Gourm    .     s - +0 leather armour (curse)
rNeg   . . .     Faith    .     (no shield)
rPois  .         Spirit   .     (no helmet)
rElec  .         Dismiss  .     (no cloak)
rCorr  .         Reflect  .     (no gloves)
SustAt .         Harm     .     (no barding)
MR     .....                    (no amulet)
Stlth  ..........               (no ring)
                                (no ring)

@: very slightly contaminated, very quick, not resistant to hostile
enchantments, extremely unstealthy
A: hooves 3, deformed body, speed 2, tough skin 3
a: Renounce Religion


Innate Abilities, Weirdness & Mutations

You have hooves in place of feet.
Armour fits poorly on your strangely shaped body.
You cover ground very quickly.
You have extremely tough skin. (AC +3)

Inventory:

Hand Weapons
 l - a +2 dagger of speed (weapon)
Missiles
 a - 37 arrows
Armour
 s - a cursed +0 leather armour (worn)
Scrolls
 e - 2 scrolls of recharging {unknown}
 f - a scroll of fear {unknown}
 h - a scroll of enchant armour {unknown}
 i - 4 scrolls of identify {unknown}
 m - a scroll of magic mapping {unknown}
 n - a scroll of immolation {unknown}
 o - 2 scrolls of enchant weapon {unknown}
 r - a scroll of teleportation {unknown}
Potions
 d - a potion of might {unknown}
 j - a potion of magic {unknown}
 k - 4 potions of degeneration {unknown}
 p - a potion of berserk rage {unknown}
 q - a potion of curing {unknown}
Books
 c - a book of Changes

   Spells                             Type                      Level
   a - Beastly Appendage              Transmutation                1
   b - Sticks to Snakes               Transmutation                2
   c - Spider Form                    Transmutation/Poison         3
   d - Ice Form                       Ice/Transmutation            4
   e - Blade Hands                    Transmutation                5
Comestibles
 g - 2 meat rations


   Skills:
 - Level 1.0 Fighting
 + Level 2.8 Dodging
 * Level 5.5 Unarmed Combat
 + Level 2.9 Spellcasting
 + Level 3.4 Transmutations


You had 8 spell levels left.
You knew the following spells:

 Your Spells              Type           Power        Failure   Level  Hunger
a - Beastly Appendage     Tmut           ##....       10%         1    #......
b - Sticks to Snakes      Tmut           ##......     12%         2    ###....


You were on level 4 of the Dungeon.
You worshipped Fedhas.
Fedhas was noncommittal.
You were not hungry.

You visited 2 branches of the dungeon, and saw 5 of its levels.

You collected 141 gold pieces.

##......#.....................#
..
#......#....###.....oo.)......
#..####........###......oo..#
#...###...........o#..####(####
#.................#.....(....#
#..........###.o..##.........#
##.........###.S.............#
##.##.......#So.)...........#
... ###.....#.@..........####
...... #...!.#.>..###.....#
#####.# #.....#<...'.'.....#
#####..##.....#....###.....#
........#.....#....#....####
......(.....####...#....#
........[...# ##...#(...######
............# #....#.........#
........(h..###....#.........#

Notes
Turn   | Place    | Note
-------+----------+-------------------------------------------
     0 | D:1      | ololoev the Centaur Transmuter began the quest for the Orb.
     0 | D:1      | Reached XP level 1. HP: 16/16 MP: 3/3
   298 | D:1      | Reached XP level 2. HP: 20/23 MP: 1/4
   961 | D:2      | Reached XP level 3. HP: 28/28 MP: 5/5
  1122 | D:2      | Learned a level 2 spell: Sticks to Snakes
  1363 | D:2      | Found a hazy altar of Hepliaklqana.
  1421 | D:2      | Reached XP level 4. HP: 16/35 MP: 5/7
  1985 | D:3      | Noticed Borgoz's ghost (weakling DsTm)
  2227 | D:3      | Found a blossoming altar of Fedhas.
  2263 | D:3      | Found a stormy altar of Qazlal.
  2566 | D:3      | Reached skill level 4 in Unarmed Combat
  2818 | D:4      | Noticed a phantom
  2907 | D:4      | Found a staircase to the Ecumenical Temple.
  2910 | Temple   | Entered the Ecumenical Temple
  3098 | D:3      | Became a worshipper of Fedhas Madash
  3195 | D:4      | Noticed an ice beast
  3308 | D:4      | Killed an ice beast
  3308 | D:4      | Reached XP level 5. HP: 12/40 MP: 0/8
  3561 | D:4      | Noticed an orc warrior
  3792 | D:4      | Noticed an ogre
  4089 | D:4      | Noticed Grinder
  4116 | D:4      | Killed Grinder
  4116 | D:4      | Reached skill level 5 in Unarmed Combat
  4116 | D:4      | Reached XP level 6. HP: 12/47 MP: 2/10
  4264 | D:4      | HP: 1/47 [orc wizard/magic dart (8)]
  4901 | D:3      | Reached XP level 7. HP: 16/52 MP: 0/11
  5135 | D:4      | Mangled by an orc warrior

Dungeon Overview and Level Annotations

Branches:
Dungeon (4/15)             Temple (1/1) D:4

Altars:
Ashenzari
Cheibriados
Elyvilon
Fedhas
Gozag
Hepliaklqana
Nemelex Xobeh
Okawaru
Pakellas
Qazlal
Ru
Sif Muna
Trog
Xom
Yredelemnul
Zin
The Shining One

Annotations:
D:3 Borgoz's ghost, weakling DsTm


Message History

Confirm with . or Enter, or press ? or * to list all spells.
You miscast Sticks to Snakes.
Your hands glow momentarily.
Casting: Sticks to Snakes
Confirm with . or Enter, or press ? or * to list all spells.
You create a snake!
You now have 39 arrows.
You swap places.
There is a staircase to the Ecumenical Temple here.
Your transformation is almost over.
The orc wizard barely misses you.
You closely miss the orc wizard. The orc wizard misses you.
You barely miss the orc wizard.
The orc warrior shouts!
Your kick misses the orc wizard. Your punch misses the orc wizard.
The orc wizard hits you with a dagger.
You closely miss the orc wizard. Your headbutt misses the orc wizard.
Your adder misses the orc wizard. You miss the orc wizard.
The orc wizard hits you but does no damage.
Your adder bites the orc wizard.
You completely miss the orc wizard. Your headbutt misses the orc wizard.
The orc wizard is moderately wounded.
Your adder bites the orc wizard.
The orc wizard is poisoned.
Your adder poisons the orc wizard!
The orc wizard gestures at you while chanting.
The puff of frost hits you!
You are too injured to fight recklessly!
You are too injured to fight recklessly!
You are too injured to fight recklessly!
You are too injured to fight recklessly!
You are too injured to fight recklessly!
You are too injured to fight recklessly!
You are too injured to fight recklessly!
You are too injured to fight recklessly!
You are too injured to fight recklessly!
You are too injured to fight recklessly!
You are too injured to fight recklessly!
You are too injured to fight recklessly!
You are too injured to fight recklessly!
You are too injured to fight recklessly!
You are too injured to fight recklessly!
You are too injured to fight recklessly!
You are too injured to fight recklessly!
You are too injured to fight recklessly!
You barely miss the orc wizard.
The orc wizard is heavily wounded.
Your adder closely misses the orc wizard.
You hit the orc wizard. Your kick misses the orc wizard.
The orc wizard is almost dead.
The orc wizard gestures wildly while chanting.
The orc wizard seems to speed up.
You hit the orc wizard.
You kill the orc wizard!
What are your orders? t - Shout!
Orders for allies: a - Attack new target. r - Retreat! s - Stop attacking. w - Wait here. f - Follow me.
Anything else - Cancel.
Gang up on whom?
Press: ? - help, Dir - move target cursor, f - orc warrior
Aim: an orc warrior, wielding a flail and wearing a chain mail Attack!
The orc warrior hits your adder with a flail!!
Your adder dies!
Casting: Sticks to Snakes
Confirm with . or Enter, or press ? or * to list all spells.
You create a snake!
You now have 38 arrows.
The orc wizard shouts!
The orc warrior hits you with a flail!
Casting: Sticks to Snakes
Confirm with . or Enter, or press ? or * to list all spells.
You create a snake!
You now have 37 arrows.
Your horns disappear.
The orc barely misses your ball python.
Your ball python bites the orc warrior but does no damage.
Your ball python grabs the orc warrior.
Your ball python constricts the orc warrior.
The orc warrior hits you with a flail!!
You die...
Fedhas appreciates your contribution to the ecosystem.

You could see an orc warrior, an orc wizard, an orc and 2 friendly ball pythons.

Vanquished Creatures
  Grinder (D:4)
  An ice beast (D:4)
  A phantom (D:3)
  A hound (D:4)
  An orc wizard (D:4)
  A worker ant (D:4)
  A hound skeleton (D:4)
  5 adders
  2 oozes
  4 worms
  A dart slug (D:4)
  A giant gecko (D:2)
  4 orcs
  5 giant cockroaches
  8 goblins
  8 hobgoblins
  7 kobolds
  2 quokkas
  6 bats
  6 giant newts
  2 rats (D:2)
68 creatures vanquished.

Vanquished Creatures (others)
  5 toadstools (D:4)
5 creatures vanquished.

Grand Total: 73 creatures vanquished

Action                   |  1- 3 |  4- 6 |  7- 9 || total
-------------------------+-------+-------+-------++-------
Melee: Unarmed           |    22 |       |       ||    22
       Kick              |    16 |    49 |       ||    65
       Headbutt          |     5 |    21 |       ||    26
       Dagger            |    93 |   241 |     8 ||   342
       Punch             |     1 |     4 |       ||     5
 Cast: Beastly Appendage |    17 |    20 |     1 ||    38
       Sticks to Snakes  |       |    15 |     3 ||    18
  Eat: Chunk             |     2 |     2 |       ||     4
       Bread ration      |       |     1 |       ||     1
       Royal jelly       |       |     1 |       ||     1
       Meat ration       |       |     1 |       ||     1
Armor: Robe              |    35 |    26 |       ||    61
       Leather armour    |       |    17 |     1 ||    18
Dodge: Dodged            |    58 |    81 |     2 ||   141

Vault maps used:
D:1:      dpeg_arrival_shelter, serial_glass, glass_columns_b, glass_columns_a,
          glass_columns_b, glass_columns_a, glass_columns_a, glass_columns_a
D:2:      old_standard_altar
D:3:      lemuel_crystal_altar, grunt_qazlal_sundering
D:4:      makhleb_blood_cavern_becter, serial_shops, shop, first_bread,
          uniq_grinder
Temple:   regret_index_temple_waves
